PIO (24 & UNDER)
EAU CLAIRE ESQUIRES @ SASKATOON SMOKIN' GUNS
08/07/2024
 
TOP OF THE 1ST
Eau Claire Esquires batting - Pitching for Saskatoon Smokin' Guns : RHP Bernardo Romero
Pitching: RHP Bernardo Romero
Batting: LHB John Frost 0-0: Bunted foul
0-1: Foul Ball, location: 2F
0-2: Foul Ball, location: 2F
0-2: Ball
1-2: Ball
2-2: Foul Ball, location: 2F
2-2: Ball
3-2: Foul Ball, location: 2F
3-2: Base on Balls
Batting: LHB Manny Salazar 0-0: Ball
1-0: Ball
2-0: Foul Ball, location: 2F
2-1: Called Strike
2-2: Strikes out swinging
Batting: LHB Edwin Ryan 0-0: Fielders Choice at 2nd, 4-6 (Groundball, 4M)
Batting: RHB Félix Gonzáles 0-0: Ball
1-0: Fly out, F4 (Popup, 4MD)
Top of the 1st over - 0 run(s), 0 hit(s), 0 error(s), 1 left on base; Eau Claire 0 - Saskatoon 0
BOTTOM OF THE 1ST
Saskatoon Smokin' Guns batting - Pitching for Eau Claire Esquires : LHP Rob Lucas
Pitching: LHP Rob Lucas
Batting: RHB Chris Richards 0-0: Fly out, F8 (Flyball, 8RXD)
Batting: RHB César Rodríguez 0-0: Ball
1-0: Called Strike
1-1: Hit by Pitch
Batting: LHB José Liñares 0-0: Ball
1-0: Called Strike
1-1: Swinging Strike
1-2: Strikes out swinging
Batting: RHB Eric Neal 0-0: Called Strike
0-1: Foul Ball, location: 2F
0-2: Foul Ball, location: 2F
0-2: Ball
1-2: Ball
César Rodríguez is caught stealing 2nd base
Bottom of the 1st over - 0 run(s), 0 hit(s), 0 error(s), 0 left on base; Eau Claire 0 - Saskatoon 0
TOP OF THE 2ND
Eau Claire Esquires batting - Pitching for Saskatoon Smokin' Guns : RHP Bernardo Romero
Batting: RHB Tony Vázquez 0-0: Ball
1-0: Ball
2-0: Swinging Strike
2-1: Ball
3-1: Called Strike
3-2: Foul Ball, location: 2F
3-2: Foul Ball, location: 2F
3-2: Foul Ball, location: 2F
3-2: Foul Ball, location: 2F
3-2: Base on Balls
Batting: RHB Carlos Rea 0-0: Foul Ball, location: 2F
0-1: Ball
1-1: Foul Ball, location: 2F
1-2: Grounds into double play, 5-4-3 (Groundball, 56)
Batting: RHB Esteban Lara 0-0: Called Strike
0-1: Ball
1-1: Ball
2-1: Foul Ball, location: 2F
2-2: Strikes out swinging
Top of the 2nd over - 0 run(s), 0 hit(s), 0 error(s), 0 left on base; Eau Claire 0 - Saskatoon 0
BOTTOM OF THE 2ND
Saskatoon Smokin' Guns batting - Pitching for Eau Claire Esquires : LHP Rob Lucas
Batting: RHB Eric Neal 0-0: Called Strike
0-1: Swinging Strike
0-2: Strikes out looking
Batting: LHB Russell Peck 0-0: Ground out 4-3 (Groundball, 34)
Batting: LHB Raúl Casillán 0-0: Called Strike
0-1: Ball
1-1: Ground out 4-3 (Groundball, 4M)
Bottom of the 2nd over - 0 run(s), 0 hit(s), 0 error(s), 0 left on base; Eau Claire 0 - Saskatoon 0
TOP OF THE 3RD
Eau Claire Esquires batting - Pitching for Saskatoon Smokin' Guns : RHP Bernardo Romero
Batting: RHB Herb Bunch 0-0: Ball
1-0: Ball
2-0: Ball
3-0: Called Strike
3-1: Base on Balls
Batting: LHB Jorge Fernández 0-0: Swinging Strike
0-1: Ball
1-1: Called Strike
1-2: Strikes out swinging
Batting: LHB John Frost 0-0: Called Strike
0-1: Foul Ball, location: 2F
0-2: Ball
1-2: Ball
2-2: Foul Ball, location: 2F
2-2: Strikes out swinging
Batting: LHB Manny Salazar 0-0: Called Strike
0-1: Ball
1-1: Ball
2-1: Swinging Strike
2-2: Ball
3-2: Foul Ball, location: 2F
3-2: Strikes out swinging
Top of the 3rd over - 0 run(s), 0 hit(s), 0 error(s), 1 left on base; Eau Claire 0 - Saskatoon 0
BOTTOM OF THE 3RD
Saskatoon Smokin' Guns batting - Pitching for Eau Claire Esquires : LHP Rob Lucas
Batting: LHB Bo Rush 0-0: Called Strike
0-1: Swinging Strike
0-2: Ball
1-2: Strikes out swinging
Batting: RHB Alvin Hampton 0-0: Called Strike
0-1: Swinging Strike
0-2: Ball
1-2: Ground out 5-3 (Groundball, 5L)
Batting: RHB Jason O'Toole 0-0: Foul Ball, location: 2F
0-1: Foul Ball, location: 2F
0-2: Strikes out looking
Bottom of the 3rd over - 0 run(s), 0 hit(s), 0 error(s), 0 left on base; Eau Claire 0 - Saskatoon 0
TOP OF THE 4TH
Eau Claire Esquires batting - Pitching for Saskatoon Smokin' Guns : RHP Bernardo Romero
Batting: LHB Edwin Ryan 0-0: Ball
1-0: Called Strike
1-1: Ball
2-1: Ball
3-1: Base on Balls
Batting: RHB Félix Gonzáles 0-0: Ball
1-0: Ball
2-0: Foul Ball, location: 2F
2-1: Foul Ball, location: 2F
2-2: Grounds into double play, 6-4-3 (Groundball, 6M)
Batting: RHB Tony Vázquez 0-0: Called Strike
0-1: Swinging Strike
0-2: Ball
1-2: Ball
2-2: Ball
3-2: Strikes out swinging
Top of the 4th over - 0 run(s), 0 hit(s), 0 error(s), 0 left on base; Eau Claire 0 - Saskatoon 0
BOTTOM OF THE 4TH
Saskatoon Smokin' Guns batting - Pitching for Eau Claire Esquires : LHP Rob Lucas
Batting: RHB Chris Richards 0-0: Called Strike
0-1: Foul Ball, location: 2F
0-2: Ground out 6-3 (Groundball, 6)
Batting: RHB César Rodríguez 0-0: Ground out 6-3 (Groundball, 6)
Batting: LHB José Liñares 0-0: Ball
1-0: Swinging Strike
1-1: Ball
2-1: Ball
3-1: Ground out 6-3 (Groundball, 6M)
Bottom of the 4th over - 0 run(s), 0 hit(s), 0 error(s), 0 left on base; Eau Claire 0 - Saskatoon 0
TOP OF THE 5TH
Eau Claire Esquires batting - Pitching for Saskatoon Smokin' Guns : RHP Bernardo Romero
Batting: RHB Carlos Rea 0-0: Foul Ball, location: 2F
0-1: SINGLE (Groundball, 6MD)
Batting: RHB Esteban Lara 0-0: Called Strike
0-1: Foul Ball, location: 2F
0-2: Ball
1-2: Foul Ball, location: 2F
1-2: Strikes out looking
Batting: RHB Herb Bunch 0-0: DOUBLE (Line Drive, 5L)
Carlos Rea to third
Batting: LHB Jorge Fernández 0-0: Ground out 4-3 (Groundball, 34)
Carlos Rea scores
Herb Bunch to third
Batting: LHB John Frost 0-0: Called Strike
0-1: Ball
1-1: Foul Ball, location: 2F
1-2: Ball
2-2: Strikes out swinging
Top of the 5th over - 1 run(s), 2 hit(s), 0 error(s), 1 left on base; Eau Claire 1 - Saskatoon 0
BOTTOM OF THE 5TH
Saskatoon Smokin' Guns batting - Pitching for Eau Claire Esquires : LHP Rob Lucas
Batting: RHB Eric Neal 0-0: Ball
1-0: Ball
2-0: Ball
3-0: Called Strike
3-1: Foul Ball, location: 2F
3-2: Base on Balls
Batting: LHB Russell Peck 0-0: Ball
1-0: Grounds into double play, 4-6-3 (Groundball, 4)
Batting: LHB Raúl Casillán 0-0: Called Strike
0-1: Ball
1-1: Called Strike
1-2: Foul Ball, location: 2F
1-2: Foul Ball, location: 2F
1-2: Foul Ball, location: 2F
1-2: Fly out, F4 (Line Drive, 34)
Bottom of the 5th over - 0 run(s), 0 hit(s), 0 error(s), 0 left on base; Eau Claire 1 - Saskatoon 0
TOP OF THE 6TH
Eau Claire Esquires batting - Pitching for Saskatoon Smokin' Guns : RHP Bernardo Romero
Pitching: LHP Dawson Sutton
Batting: LHB Manny Salazar 0-0: Ball
1-0: Swinging Strike
1-1: SINGLE (Groundball, 56D)
Batting: LHB Edwin Ryan 0-0: Called Strike
0-1: Ball
1-1: Called Strike
1-2: Foul Ball, location: 2F
1-2: Ball
2-2: Strikes out swinging
Batting: RHB Félix Gonzáles 0-0: Ball
1-0: Ball
2-0: Called Strike
2-1: Ball
3-1: SINGLE (Groundball, 5D)
Manny Salazar to second
Batting: RHB Tony Vázquez 0-0: Ball
Single, Error in OF, E8, batter to second base
Manny Salazar scores
Félix Gonzáles to third
Batting: RHB Carlos Rea 0-0: Intentional Walk
Batting: RHB Esteban Lara 0-0: Called Strike
0-1: Called Strike
0-2: Ball
1-2: Foul Ball, location: 2F
1-2: Strikes out swinging
Batting: RHB Herb Bunch 0-0: Ball
1-0: Fly out, F6 (Line Drive, 6)
Top of the 6th over - 1 run(s), 3 hit(s), 1 error(s), 3 left on base; Eau Claire 2 - Saskatoon 0
BOTTOM OF THE 6TH
Saskatoon Smokin' Guns batting - Pitching for Eau Claire Esquires : LHP Rob Lucas
Batting: LHB Bo Rush 0-0: Ball
1-0: Foul Ball, location: 2F
1-1: Ball
2-1: Ball
3-1: Fly out, F8 (Flyball, 8RS)
Batting: RHB Alvin Hampton 0-0: Ball
1-0: Ball
2-0: Called Strike
2-1: Called Strike
2-2: Foul Ball, location: 2F
2-2: Ball
3-2: Foul Ball, location: 2F
3-2: Base on Balls
Batting: RHB Jason O'Toole 0-0: Called Strike
0-1: Grounds into double play, 1-4-3 (Groundball, 15)
Bottom of the 6th over - 0 run(s), 0 hit(s), 0 error(s), 0 left on base; Eau Claire 2 - Saskatoon 0
TOP OF THE 7TH
Eau Claire Esquires batting - Pitching for Saskatoon Smokin' Guns : LHP Dawson Sutton
Batting: LHB Jorge Fernández 0-0: Called Strike
0-1: Ball
1-1: Ball
2-1: SINGLE (Flyball, 4MD)
Batting: LHB John Frost 0-0: Bunted foul
0-1: Ball
1-1: Bunted foul
1-2: Ball
2-2: Fielders Choice at 2nd, 4-6 (Groundball, 4)
Batting: LHB Manny Salazar 0-0: Ball
1-0: Called Strike
1-1: Swinging Strike
1-2: DOUBLE (Groundball, 5L)
John Frost to third
Batting: LHB Edwin Ryan 0-0: Intentional Walk
Batting: RHB Félix Gonzáles 0-0: Called Strike
0-1: Ball
1-1: Ball
2-1: Ball
3-1: Base on Balls
John Frost scores
Manny Salazar to third
Edwin Ryan to second
Batting: RHB Tony Vázquez 0-0: Ball
1-0: Foul Ball, location: 2F
1-1: Fly out, F9 (Flyball, 9M)
Runner from 3rd tags up, SCORES, no throw
Pitching: RHP Dan Handy
Batting: RHB Carlos Rea 0-0: Called Strike
0-1: Ball
1-1: Called Strike
1-2: Strikes out swinging
Top of the 7th over - 2 run(s), 2 hit(s), 0 error(s), 2 left on base; Eau Claire 4 - Saskatoon 0
BOTTOM OF THE 7TH
Saskatoon Smokin' Guns batting - Pitching for Eau Claire Esquires : LHP Rob Lucas
Batting: RHB Chris Richards 0-0: Called Strike
0-1: Ground out 5-3 (Groundball, 56)
Batting: RHB César Rodríguez 0-0: Foul Ball, location: 2F
0-1: Ball
1-1: Ball
2-1: Called Strike
2-2: Fly out, F9 (Flyball, 9M)
Batting: LHB José Liñares 0-0: Ground out U3 (Groundball, 3)
Bottom of the 7th over - 0 run(s), 0 hit(s), 0 error(s), 0 left on base; Eau Claire 4 - Saskatoon 0
TOP OF THE 8TH
Eau Claire Esquires batting - Pitching for Saskatoon Smokin' Guns : RHP Dan Handy
Batting: RHB Esteban Lara 0-0: Foul Ball, location: 2F
0-1: Swinging Strike
0-2: Ball
1-2: Ball
2-2: Ball
3-2: Foul Ball, location: 2F
3-2: Strikes out swinging
Batting: RHB Herb Bunch 0-0: Foul Ball, location: 2F
0-1: Called Strike
0-2: Strikes out swinging
Batting: LHB Jorge Fernández 0-0: Called Strike
0-1: Ball
1-1: Called Strike
1-2: Ball
2-2: Ball
3-2: Strikes out looking
Top of the 8th over - 0 run(s), 0 hit(s), 0 error(s), 0 left on base; Eau Claire 4 - Saskatoon 0
BOTTOM OF THE 8TH
Saskatoon Smokin' Guns batting - Pitching for Eau Claire Esquires : LHP Rob Lucas
Batting: RHB Eric Neal 0-0: Ball
1-0: Ball
2-0: Ball
3-0: Base on Balls
Batting: LHB Russell Peck 0-0: Ball
1-0: Foul Ball, location: 2F
1-1: SINGLE (Line Drive, 6D)
Eric Neal to second
Pitching: RHP Armando Torres
Batting: LHB Raúl Casillán 0-0: Ball
Wild Pitch!
Eric Neal to third
Russell Peck to second
1-0: Called Strike
1-1: Foul Ball, location: 2F
1-2: SINGLE (Line Drive, 89S)
Eric Neal scores
Russell Peck to third
Runner from 3rd tries for Home, SAFE, no throw or cutoff
Pitching: LHP Charlie Conner
Batting: LHB Bo Rush 0-0: SINGLE (Flyball, 8LM)
Raúl Casillán to second
Pitching: RHP Albert Fisher
Batting: RHB Alvin Hampton 0-0: Ball
1-0: Sac Bunt - play at first, batter OUT! 1-3
Raúl Casillán to third
Bo Rush to second
Pinch Hitting: RHB Kenny Thompson 0-0: Called Strike
0-1: Swinging Strike
0-2: Ball
1-2: Strikes out looking
Batting: RHB Chris Richards 0-0: Ground out 5-3 (Groundball, 56)
Bottom of the 8th over - 2 run(s), 3 hit(s), 0 error(s), 2 left on base; Eau Claire 4 - Saskatoon 2
TOP OF THE 9TH
Eau Claire Esquires batting - Pitching for Saskatoon Smokin' Guns : RHP Dan Handy
Now at 3B: Ben Fisher
Batting: LHB John Frost 0-0: Called Strike
0-1: Foul Ball, location: 2F
0-2: Fly out, F7 (Flyball, 7M)
Batting: LHB Manny Salazar 0-0: Foul Ball, location: 2F
0-1: Ball
1-1: Foul Ball, location: 2F
1-2: Strikes out swinging
Batting: LHB Edwin Ryan 0-0: Called Strike
0-1: Fly out, F3 (Line Drive, 34)
Top of the 9th over - 0 run(s), 0 hit(s), 0 error(s), 0 left on base; Eau Claire 4 - Saskatoon 2
BOTTOM OF THE 9TH
Saskatoon Smokin' Guns batting - Pitching for Eau Claire Esquires : RHP Albert Fisher
Pitching: RHP Kyle Horton
Now in LF: Pancho Torres
Batting: RHB César Rodríguez 0-0: Called Strike
0-1: Foul Ball, location: 2F
0-2: Foul Ball, location: 2F
0-2: Ball
1-2: Fly out, F8 (Flyball, 8LM)
Batting: LHB José Liñares 0-0: Called Strike
0-1: Foul Ball, location: 2F
0-2: DOUBLE (Line Drive, 3D)
Batting: RHB Eric Neal 0-0: Ball
1-0: Fly out, F9 (Flyball, 9M)
Runner from 2nd tags up, SAFE at 3rd with throw
Batting: LHB Russell Peck 0-0: Ball
1-0: Foul Ball, location: 2F
1-1: Ball
2-1: Fly out, F7 (Line Drive, 7LD)
Bottom of the 9th over - 0 run(s), 1 hit(s), 0 error(s), 1 left on base; Eau Claire 4 - Saskatoon 2
This league is powered by Out of the Park Baseball, the baseball management simulation game for PC, Mac and Linux
Saturday, April 9th, 2016 - OOTP Baseball 16.8 Build 38